 Dungeon Crawl Stone Soup version 0.28-a0-563-gf77a47075d (webtiles) character file.

Game seed: 12319675712800121874

376 Zenkrye the Ducker (level 7, -3/50 HPs)
             Began as a Djinni Wanderer on Sept 30, 2021.
             Slain by an ogre (9 damage)
             ... on level 4 of the Dungeon.
             The game lasted 00:08:09 (3184 turns).

Zenkrye the Ducker (Djinni Wanderer)                Turns: 3184, Time: 00:08:10

Health: -3/50      AC:  7    Str:  9    XL:     7   Next: 3%
Gold:   146        EV: 11    Int: 18    God:
                   SH: 10    Dex: 15

rFire   + + .      SeeInvis .   a - +3 falchion
rCold   x . .      Faith    .   i - +6 buckler "Umaqor" {Int+3}
rNeg    . . .      Spirit   .   j - +0 ring mail
rPois   ∞          Reflect  .   n - +1 helmet
rElec   .          Harm     .   (no cloak)
rCorr   .          Rampage  .   (no gloves)
Will    .....                   (boots unavailable)
Stlth   +.........              k - amulet of the acrobat
HPRegen 0.16/turn               (no ring)
MPRegen 0.00/turn               (no ring)

@: flying, very slightly contaminated, studying Unarmed Combat
A: sickness immunity, fire resistance 2, cold vulnerability 1, float, innate
caster, hp casting, extra vitality 1
a: no special abilities


You were on level 4 of the Dungeon.
You visited 1 branch of the dungeon, and saw 4 of its levels.

You collected 146 gold pieces.

Inventory:

Hand Weapons
 a - a +3 falchion (weapon)
Missiles
 d - 25 poisoned darts (quivered)
 g - 12 sling bullets
Armour
 c - a +0 robe
 i - the +6 buckler "Umaqor" (worn) {Int+3}
   (You found it on level 4 of the Dungeon)

   Int:       It affects your intelligence (+3).
 j - a +0 ring mail (worn)
 n - a +1 helmet (worn)
 o - a +0 kite shield
Jewellery
 f - a ring of fire
 k - an amulet of the acrobat (around neck)
Scrolls
 m - a scroll of immolation
 p - 2 scrolls of teleportation {@r3}
 q - a scroll of fear {unknown}
Potions
 b - 2 potions of lignification
 e - 2 potions of heal wounds {@q2}
 h - a potion of curing {@q1}
 l - a potion of might {unknown}


   Skills:
 + Level 3.3 Fighting
 - Level 1.7 Long Blades
 - Level 1.0 Armour
 + Level 3.8 Dodging
 + Level 2.1 Shields
 - Level 3.0 Unarmed Combat
 * Level 3.0 Spellcasting
 - Level 1.0 Evocations


You had 6 spell levels left.
You knew the following spells:

 Your Spells              Type           Power      Damage    Failure   Level
a - Foxfire               Conj/Fire      52%        2x1d6     17%         1
b - Summon Guardian Gole  Hex/Summ       13%        N/A       45%         3
e - Ensorcelled Hibernat  Hex/Ice        26%        N/A       26%         2
Your spell library was empty.

Dungeon Overview and Level Annotations

Branches:
Dungeon (4/15)
 Temple: D:4-7

Altars:
Uskayaw


Innate Abilities, Weirdness & Mutations

You are immune to sickness and miasma.
You are immune to poison.
Your flesh is very heat resistant. (rF++)
You are vulnerable to cold. (rC-)
You float through the air rather than walking.
You learn spells naturally, not from books.
Your magical power is your life essence.
You have superior vitality. (+4 HP)


Message History

You miscast Ensorcelled Hibernation.
You are very lightly contaminated with residual magic.
Nothing appears to happen.
The ogre barely misses you. The dart slug launches a dart at you.
You block the slug dart.
Casting: Ensorcelled Hibernation (dangerous; 26% risk of failure)
Confirm with . or Enter, or press ? or * to list all spells.
Aiming: Ensorcelled Hibernation (dangerous; 26% risk of failure)
Press: ? - help, Shift-Dir - straight line, f/p - ogre
Aim: an ogre, wielding a +0 giant club (moderately wounded, chance to affect: 44%)
The ogre resists with some effort.
You block the ogre's attack.
Casting: Ensorcelled Hibernation (dangerous; 26% risk of failure)
Confirm with . or Enter, or press ? or * to list all spells.
Aiming: Ensorcelled Hibernation (dangerous; 26% risk of failure)
Press: ? - help, Shift-Dir - straight line, f/p - ogre
Aim: an ogre, wielding a +0 giant club (moderately wounded, chance to affect: 44%)
The ogre resists with some effort.
The dart slug bites you but does no damage.
The ogre hits you with a +0 giant club!
* * * LOW HITPOINT WARNING * * *
Casting: Ensorcelled Hibernation (dangerous; 26% risk of failure)
Confirm with . or Enter, or press ? or * to list all spells.
Aiming: Ensorcelled Hibernation (dangerous; 26% risk of failure)
Press: ? - help, Shift-Dir - straight line, f/p - ogre
Aim: an ogre, wielding a +0 giant club (moderately wounded, chance to affect: 44%)
The ogre resists with some effort.
* * * LOW HITPOINT WARNING * * *
You block the dart slug's attack.
Casting: Ensorcelled Hibernation (dangerous; 26% risk of failure)
Confirm with . or Enter, or press ? or * to list all spells.
Aiming: Ensorcelled Hibernation (dangerous; 26% risk of failure)
Press: ? - help, Shift-Dir - straight line, f/p - ogre
Aim: an ogre, wielding a +0 giant club (moderately wounded, chance to affect: 44%)
The ogre looks drowsy...
* * * LOW HITPOINT WARNING * * *
The helpless ogre fails to defend itself.
You slash the ogre!
The ogre is heavily wounded.
The ogre hits you with a +0 giant club!
You die...

.....# ##............
.....###.....>....# ...
......#.........:.##...
...........#.....##.<. .
.........).#.#....#.####..
.......##.#####...........
.##.....#.# #............
.##.......#.##..##........
....###.........@O........
..### #.....#####w........
..# .....## #....##... ..#
........ #...).# ..#
...P.##..# .....[...
..#P...... ..# #..........
.........P ... .....##....
### ..###.# .### .## .# .


You could see an ogre and a dart slug.

Vanquished Creatures
  An ogre (D:4)
  A phantom (D:3)
  A scorpion (D:4)
  Natasha (D:3)
  Terence (D:3)
  5 adders
  An adder skeleton (D:4)
  3 dart slugs
  An orc (D:3)
  11 endoplasms
  2 giant cockroaches
  3 goblins
  4 hobgoblins
  2 quokkas (D:2)
  5 ball pythons
  3 bats
  2 frilled lizards (D:1)
  9 kobolds
  3 rats
59 creatures vanquished.

Vanquished Creatures (others)
  5 plants (D:4)
5 creatures vanquished.

Grand Total: 64 creatures vanquished

Notes
Turn   | Place    | Note
-------+----------+-------------------------------------------
     0 | D:1      | Zenkrye the Djinni Wanderer began the quest for the Orb.
     0 | D:1      | Reached XP level 1. HP: 17/17 MP: 0/0
   226 | D:1      | Reached XP level 2. HP: 22/22 MP: 0/0
   461 | D:1      | Reached skill level 1 in Armour
   686 | D:2      | Reached skill level 1 in Spellcasting
   686 | D:2      | Reached XP level 3. HP: 13/28 MP: 0/0
   686 | D:2      | Learned a level 1 spell: Foxfire
  1013 | D:2      | You are sucked into a shaft and drop 1 floor!
  1130 | D:2      | Reached XP level 4. HP: 26/33 MP: 0/0
  1198 | D:2      | Found a faded altar of an unknown god.
  1583 | D:3      | Noticed Terence
  1606 | D:3      | Killed Terence
  1845 | D:3      | Noticed a +0 dagger
  1845 | D:3      | Noticed a +0 dagger
  1847 | D:3      | Found a hide-covered altar of Uskayaw.
  2047 | D:3      | Reached XP level 5. HP: 39/39 MP: 0/0
  2047 | D:3      | Learned a level 2 spell: Ensorcelled Hibernation
  2199 | D:3      | Noticed Natasha
  2207 | D:3      | Killed Natasha
  2506 | D:4      | Identified the +6 buckler "Umaqor" {Int+3}
  2576 | D:4      | Noticed a phantom
  2649 | D:3      | Killed a phantom
  2650 | D:3      | Reached XP level 6. HP: 8/46 MP: 0/0
  3106 | D:4      | Noticed an ogre
  3119 | D:4      | Killed an ogre
  3120 | D:4      | Reached XP level 7. HP: 43/50 MP: 0/0
  3120 | D:4      | Learned a level 3 spell: Summon Guardian Golem
  3184 | D:4      | Slain by an ogre

Illustrated notes

Levels and vault maps discovered:
D:1:      eino_arrival_water_cross, layout_basic
D:2:      layout_loops_ring, basic_ecumenical_altar, kennysheep_nondescript
D:3:      layout_rooms, dancing_weapons_uskayaw, uniq_natasha, uniq_terence
D:4:      layout_cave_pools, nicolae_hepliaklqana_hazy_memory

Skill      XL: |  1  2  3  4  5  6 |
---------------+-------------------+-----
Armour         | 1 |  1.0
Spellcasting   | 1 2 3 |  3.0
Fighting       | 2 3 |  3.3
Dodging        | 3 |  3.8
Shields        | 2 |  2.1
Long Blades    | |  1.7
Unarmed Combat | |  3.0
Evocations     | |  1.0

Action                   |  1- 3 |  4- 6 |  7- 9 || total
-------------------------+-------+-------+-------++-------
Melee: Falchion          |    60 |   128 |     6 ||   194
Throw: Dart              |    53 |    32 |       ||    85
 Cast: Ensorcelled Hiber |       |     2 |     4 ||     6
  Use: Scroll            |     2 |     7 |       ||     9
       Potion            |       |     1 |       ||     1
 Stab: Sleeping          |     1 |     1 |     1 ||     3
Armor: Robe              |    10 |       |       ||    10
       Ring mail         |    10 |    59 |     1 ||    70
Dodge: Dodged            |    55 |   105 |     4 ||   164
Block: Buckler           |       |    27 |     5 ||    32

Table legend: (Time is in decaauts)
 A = Elapsed time spent in this place.
 B = Non-inter-level travel time spent in this place.
 C = Inter-level travel time spent in this place.
 D = Time resting spent in this place.
 E = Time spent auto-exploring this place.
 F = Levels seen in this place.
 G = Mean time per level.
                   A        B        C        D        E       F      G
               +--------+--------+--------+--------+--------+-----+--------+
         Total |   3261 |   3165 |     96 |    667 |   1814 |   4 |  815.2 |
       Dungeon |   3261 |   3165 |     96 |    667 |   1814 |   4 |  815.2 |
               +--------+--------+--------+--------+--------+-----+--------+

Top non-repeatable levels by time:
     D:3: 1235 daAuts
     D:2: 886 daAuts
     D:1: 678 daAuts
     D:4: 461 daAuts
